Dreiblum, neutral male human Tourist --------- |.......| ----- |..@....| ...| |...@...| ---------..-- --- |.......| |.......|...-- --... | |.......| | |.......|%...---.....[ |. ----.---- .| |..._..%%%....-[.%..... |.....DN.....%| |......%|./..---....... ---.........--- |....%%.|...-- --..[.%. -----|----- ---------..-- ----|-- ..A ...| .%.------ ... ----- ...%.....| ... -----..%-- ... |..$%-- ... --$$%----|- |..../.%.. ---------- Dreiblum the Traveler Experience level: 15 Strength: 18/28 Dexterity: 22 Constitution: 18 Intelligence: 19 Wisdom: 21 Charisma: 18 Health: 113(162) Energy: 98(98) Def: 50 Gold: 94 Moves: 44563 Dungeon seed: zB0yAaxE0C-me8bj Game ID: Dreiblum_1440764283 Your Inventory: Coins $ - 94 gold pieces Amulets Y - an uncursed amulet of life saving (being worn) Weapons a - the blessed rustproof +7 Vorpal Blade (weapon in hand) Armor e - a blessed +5 Hawaiian shirt (being worn) q - an uncursed very burnt +4 pair of speed boots (being worn) y - a blessed +5 oilskin cloak (being worn) z - an uncursed rustproof +3 helm of brilliance (being worn) I - an uncursed +4 shield of reflection (being worn) N - an uncursed very burnt +4 pair of gauntlets of dexterity (being worn) X - a blessed +4 gray dragon scale mail (being worn) Comestibles H - 7 uncursed eucalyptus leaves Rings d - an uncursed ring of levitation D - an uncursed ring of conflict (on left hand) Q - an uncursed ring of free action Wands c - a wand of teleportation (0:2) j - a wand of digging (0:4) o - a wand of digging (0:7) w - a wand of death (2:5) B - a cursed wand of polymorph (0:5) P - a wand of digging (0:6) S - a wand of digging (0:6) V - a cursed wand of teleportation (0:4) Tools b - a blessed fireproof bag of holding k - an uncursed credit card named Pray@27800 s - an uncursed stethoscope t - an uncursed towel u - a blessed +0 unicorn horn C - the blessed Platinum Yendorian Express Card K - an uncursed rusty tin opener L - an uncursed oil lamp named C@43999 (7:1218) U - a magic marker (0:36) Gems l - 3 uncursed sapphires n - an uncursed obsidian stone p - 4 uncursed amethyst stones v - 3 cursed fluorite stones R - a cursed luckstone T - a cursed touchstone Contents of the bag of holding: 3717 gold pieces a blessed amulet of ESP an uncursed amulet of ESP an uncursed amulet of ESP an uncursed amulet of ESP a cursed amulet of change a blessed amulet of life saving an uncursed amulet of magical breathing an uncursed amulet of magical breathing an uncursed amulet of reflection an uncursed amulet of reflection a blessed amulet versus poison an uncursed amulet versus poison the rustproof +4 Magicbane a blessed +0 pair of water walking boots 24 uncursed C-rations 5 uncursed Cashews 24 uncursed K-rations an uncursed carrot an uncursed eucalyptus leaf 2 uncursed lembas wafers 20 blessed scrolls of blank paper 5 cursed scrolls of blank paper 6 uncursed scrolls of create monster a blessed scroll of enchant armor a cursed scroll of enchant armor an uncursed scroll of enchant weapon an uncursed scroll of gold detection a cursed scroll of gold detection 2 uncursed scrolls of magic mapping 2 uncursed scrolls of remove curse 2 uncursed scrolls of scare monster 2 uncursed scrolls of stinking cloud 2 uncursed scrolls of taming 3 blessed scrolls of teleportation 11 uncursed scrolls of teleportation 4 cursed scrolls of teleportation an uncursed potion of full healing 10 potions of holy water 2 uncursed potions of monster detection an uncursed potion of object detection a potion of unholy water an uncursed potion of water an uncursed ring of aggravate monster an uncursed ring of cold resistance a cursed ring of conflict an uncursed ring of fire resistance an uncursed ring of fire resistance a blessed +1 ring of gain strength an uncursed ring of levitation an uncursed ring of polymorph control an uncursed ring of polymorph control an uncursed +3 ring of protection an uncursed ring of protection from shape changers an uncursed ring of protection from shape changers an uncursed ring of slow digestion an uncursed ring of slow digestion an uncursed ring of slow digestion an uncursed ring of stealth an uncursed ring of sustain ability an uncursed ring of teleport control an uncursed ring of teleportation an uncursed ring of teleportation a blessed wand of cold (0:7) a wand of cold (0:7) a wand of cold (0:4) a wand of create monster (0:12) a wand of create monster (0:11) a wand of create monster (0:8) a cursed wand of death named from Orcus (0:5) a wand of digging (0:7) a wand of digging (0:5) a wand of digging (0:5) a wand of digging (0:5) a wand of digging (0:5) a wand of digging (0:4) a wand of digging (0:4) a wand of digging (0:4) a wand of fire (0:6) a wand of fire (0:5) a wand of fire (0:5) a wand of fire (0:3) a wand of lightning (0:8) a blessed wand of lightning (0:7) a wand of lightning (0:7) a wand of lightning (0:6) a wand of locking (0:4) a wand of magic missile (0:8) a wand of magic missile (0:6) a wand of magic missile (0:4) a wand of magic missile (0:4) a wand of magic missile (0:3) a wand of make invisible (1:6) a wand of make invisible (0:5) a wand of polymorph (0:4) a wand of polymorph (1:1) a wand of probing (0:4) a wand of secret door detection (0:9) a wand of sleep (0:7) a wand of striking (0:8) a wand of striking (0:7) a wand of striking (0:6) a wand of striking (0:4) a wand of striking (0:3) a wand of striking (0:3) a wand of striking (0:2) a wand of teleportation (0:4) a wand of teleportation (0:4) a wand of teleportation (0:4) a can of grease (0:4) a magic marker (1:28) an uncursed magic whistle named Vladsbane a +0 pick-axe 3 uncursed agate stones 2 uncursed amethyst stones 5 uncursed aquamarine stones an uncursed black opal 7 uncursed chrysoberyl stones an uncursed citrine stone an uncursed diamond 3 uncursed emeralds 2 uncursed fluorite stones 3 uncursed garnet stones 2 uncursed jacinth stones an uncursed jade stone 7 uncursed jasper stones 3 uncursed obsidian stones 7 uncursed opals 4 uncursed rubies Spells and supernatural/magical abilities: Name Level Category Fail Memory d - dig 5* matter 100% 0% h - healing 1* healing 84% 0% i - invisibility 4 escape 100% 79% m - magic missile 2* attack 82% 0% u - confuse monster 2* enchantment 82% 0% z - sleep 1* enchantment 81% 0% E - detect food 2* divination 82% 0% L - levitation 4* escape 100% 0% R - restore ability 4* healing 100% 0% W - pray for help -- divine ? -- Your skills at the end: Fighting Skills bare handed combat [Basic] Weapon Skills dagger [Expert] pick-axe [Basic] long sword [Basic] saber [Basic] dart [Basic] Spellcasting Skills Final Attributes: You were the Envoy of Balance. You were piously aligned. You were fire resistant. You were cold resistant. You were sleep resistant. You were shock resistant. You were poison resistant. You were magic-protected. You saw invisible. You were telepathic. You had automatic searching. You caused conflict. You had teleport control. You were protected. You were very fast. You had reflection. Your life would have been saved. You were very lucky. You had reduced luck. Bad luck did not time out for you. You survived after being killed once. Vanquished creatures: Orcus Juiblex The Wizard of Yendor (thrice) Death (twice Famine (twice a high priest 2 mastodons Medusa 8 krakens The Master of Thieves 4 storm giants a titan 5 glass golems 3 balrogs 6 purple worms a gray dragon 5 red dragons 5 white dragons an orange dragon 5 black dragons 4 blue dragons 3 green dragons a yellow dragon 25 minotaurs a jabberwock 8 baluchitheria 10 Angels a demilich Vlad the Impaler 6 stone golems 6 Olog-hai 4 Nazgul 9 pit fiends 5 sandestins 7 hell hounds 7 titanotheres 9 trappers a baby gray dragon a baby silver dragon a baby orange dragon a guardian naga a disenchanter 28 vampire lords 4 shades 5 skeletons 23 aligned priests 7 captains 4 liches 3 clay golems 11 nurses 9 ice devils 9 nalfeshnees 8 lurkers above 2 Aleaxes 3 frost giants 8 ettins 2 golden nagas 19 black puddings 35 vampires 40 ghosts 10 lieutenants an archeologist a caveman a knight 2 queen bees a winged gargoyle 11 giant mimics 7 zruties 2 fire giants 9 ogre kings 11 rock trolls 5 umber hulks 5 flesh golems 4 Elvenkings 2 doppelgangers 9 hezrous 9 bone devils 10 large mimics 3 wumpuses 2 fire vortices a baby purple worm 4 long worms 12 stalkers 2 air elementals a fire elemental 2 earth elementals 3 water elementals 6 hill giants 4 giant mummies 4 black nagas 10 xorns 20 giant zombies 17 elf-lords 19 sergeants 2 barbed devils 17 vrocks 3 salamanders 11 wargs 2 winter wolves 6 hell hound pups 20 small mimics 8 warhorses 2 steam vortices 16 xans 5 ettin mummies 9 ogre lords 11 quantum mechanics 10 trolls 5 wood golems an erinys 10 mariliths a djinni 3 sharks 6 electric eels 7 gelatinous cubes 5 large dogs 3 freezing spheres 7 flaming spheres 8 shocking spheres 5 large cats 3 tigers 6 gargoyles 3 dwarf kings 17 tengu 12 ochre jellies 14 leocrottas 4 energy vortices 6 mountain centaurs 6 stone giants 4 elf mummies 3 human mummies 4 red nagas a green slime 5 pit vipers 2 pythons 6 cobras 55 wraiths 4 carnivorous apes 10 ettin zombies a leather golem 11 Grey-elves 102 soldiers a watchman 3 horned devils 4 succubi 8 incubi 7 chameleons 2 crocodiles 19 giant beetles 4 quivering blobs a cockatrice 6 wolves 4 winter wolf cubs 6 lynxes 5 panthers 70 gremlins a spotted jelly 11 leprechauns 3 orc-captains 2 iron piercers 5 mumakil 108 giant spiders 11 scorpions a horse 3 ice vortices 5 black lights 11 vampire bats 29 forest centaurs 9 gnome kings 4 orc mummies 3 dwarf mummies 11 ogres 9 brown puddings 6 rust monsters 10 owlbears 7 yetis 4 gold golems 4 werewolves 18 Green-elves a piranha 10 giant eels 20 lizards a guide a dog 2 dingos 11 jaguars 3 dwarf lords 3 blue jellies 3 white unicorns 3 black unicorns 3 dust vortices 4 ravens 6 plains centaurs 8 gnome mummies 5 snakes 5 water moccasins 5 apes 15 human zombies a rope golem 16 Woodland-elves 21 soldier ants 9 fire ants 8 bugbears 2 imps 3 lemures 2 quasits 3 wood nymphs 4 water nymphs 2 mountain nymphs 21 Mordor orcs 13 Uruk-hai 5 orc shamans 3 rock piercers 4 rock moles 7 fog clouds 10 yellow lights 2 shriekers 6 violet fungi 20 gnome lords 8 gnomish wizards 4 kobold mummies a golden naga hatchling 7 gray oozes 4 barrow wights 13 elf zombies 19 ghouls 4 straw golems a paper golem 5 jellyfish a baby crocodile 41 giant ants 2 little dogs 8 floating eyes 29 dwarves 6 homunculi 5 kobold lords a kobold shaman 9 hill orcs 17 rothes 5 centipedes 3 giant bats a monkey 15 orc zombies 19 dwarf zombies 2 wererats 12 iguanas 43 killer bees 14 acid blobs 10 coyotes a gas spore 8 hobbits 18 manes 5 large kobolds 15 hobgoblins 10 giant rats 10 cave spiders 4 brown molds 4 yellow molds 7 green molds 3 red molds 73 gnomes 15 garter snakes 11 gnome zombies 11 geckos 17 jackals 3 foxes 6 kobolds 8 goblins 14 sewer rats 5 grid bugs 2 bats 15 lichens 14 kobold zombies 18 newts 2354 creatures vanquished. Genocided or extinct species: chickatrices cockatrices pyrolisks hobbits dwarves bugbears dwarf lords dwarf kings mind flayers master mind flayers giant spiders (extinct) liches demiliches master liches arch-liches rust monsters disenchanters soldiers (extinct) 16 species genocided. 2 species extinct. Voluntary challenges: You used a wielded weapon 5996 times, starting on turn 913. You read items or engraved 245 times, starting on turn 274. You genocided 16 types of monsters, starting on turn 17424. You polymorphed 98 items, starting on turn 32826. You changed form 5 times, starting on turn 7343. You used 10 wishes, starting on turn 8641. You did not wish for any artifacts. You split 20 puddings, starting on turn 6602. You wrote Elbereth's name 10 times, starting on turn 274. You violated your moral code, losing 101 points of alignment, starting on turn 1466. Dungeon overview: The Dungeons of Doom: levels 1 to 25 Level 1 (Vault) a sink stairs to The Elemental Planes Level 2 a potion shop, an altar to The Lady, a fountain Level 3 a scroll shop Level 4 stairs to The Gnomish Mines Level 5 (Vault) Level 6 Level 7 some fountains Level 8 stairs to Sokoban Level 9 a fountain Level 10 an altar to The Lady Level 11 a throne Level 12 Level 13 a sink Level 14 an altar to The Lady portal to The Quest Level 15 Level 16 a temple to Offler Level 17 a sink Level 18 Level 19 Level 20 Level 21 Level 22 (Levelporter) Level 23 Level 24 Level 25 Gehennom: levels 26 to 48 Level 26 a temple to Moloch stairs to The Dungeons of Doom Level 27 Level 28 Level 29 Level 30 Level 31 Level 32 Level 33 Level 34 Level 35 stairs to Vlad's Tower Level 36 Level 37 Level 38 some shops, an altar to Moloch Level 39 (Wizard's Tower, Top) Level 40 (Wizard-Tower) Level 41 (Wizard Tower) portal to Gehennom Level 42 Level 43 Level 44 (Level-Teleporter) Level 45 (Fakewiz.) Level 46 (Portal to Wizard's Tower) portal to Gehennom Level 47 (Vibrating Square) Level 48 The Gnomish Mines: levels 5 to 12 Level 5 stairs to The Dungeons of Doom Level 6 Level 7 many shops, a temple to Offler, some fountains, some trees Level 8 Level 9 Level 10 Level 11 Level 12 The Quest: levels 1 to 6 Level 1 portal to The Dungeons of Doom Level 2 Level 3 some shops Level 4 Level 5 Level 6 some shops Sokoban: levels 4 to 7 Level 4 Level 5 Level 6 Level 7 stairs to The Dungeons of Doom Vlad's Tower: levels 32 to 34 Level 32 Level 33 Level 34 stairs to Gehennom The Elemental Planes: Astral Plane <- You were here some high altars Plane 4 portal to The Elemental Planes Plane 3 portal to The Elemental Planes Plane 2 portal to The Elemental Planes Plane 1 portal to The Elemental Planes History has recorded: On T:1 you entered the Dungeons of Doom to retrieve the Amulet of Yendor! On T:441 you advanced to experience level 2. On T:672 you reached level 2 of The Dungeons of Doom. On T:921 you advanced to experience level 3. On T:1092 you advanced to experience level 4. On T:1555 you reached level 3 of The Dungeons of Doom. On T:2311 you reached level 4 of The Dungeons of Doom. On T:2634 you advanced to experience level 5. On T:2952 you reached level 5 of The Dungeons of Doom. On T:3166 you reached level 6 of The Dungeons of Doom. On T:3808 you advanced to experience level 6. On T:3911 you received Magicbane from The Lady. On T:4453 you reached level 7 of The Dungeons of Doom. On T:4911 you reached level 8 of The Dungeons of Doom. On T:5129 you advanced to experience level 7. On T:5215 you reached level 9 of The Dungeons of Doom. On T:5353 you reached level 4 of Sokoban. On T:5614 you reached level 3 of Sokoban. On T:6278 you reached level 2 of Sokoban. On T:6750 you reached level 1 of Sokoban. On T:7378 you advanced to experience level 8. On T:7738 you reached level 1 of The Gnomish Mines. On T:7946 you reached level 2 of The Gnomish Mines. On T:8432 you reached level 3 of The Gnomish Mines. On T:8641 you wished for "blessed fixed +3 gray dragon scale mail". On T:8720 you reached level 4 of The Gnomish Mines. On T:8748 you advanced to experience level 7. On T:9036 you reached level 5 of The Gnomish Mines. On T:9252 you reached level 6 of The Gnomish Mines. On T:9384 you wished for "blessed fixed greased bag of holding". On T:9477 you reached level 7 of The Gnomish Mines. On T:9482 you advanced to experience level 8. On T:9775 you reached level 8 of The Gnomish Mines. On T:11094 you advanced to experience level 9. On T:12137 you reached level 10 of The Dungeons of Doom. On T:12463 you reached level 11 of The Dungeons of Doom. On T:12833 you reached level 12 of The Dungeons of Doom. On T:13318 you reached level 13 of The Dungeons of Doom. On T:13359 you reached level 14 of The Dungeons of Doom. On T:13363 you advanced to experience level 10. On T:14864 you received Werebane from The Lady. On T:15030 you reached level 1 of The Quest. On T:15149 you received Dragonbane from The Lady. On T:15947 you reached level 15 of The Dungeons of Doom. On T:16120 you advanced to experience level 11. On T:16199 you advanced to experience level 12. On T:16206 you reached level 16 of The Dungeons of Doom. On T:16476 you reached level 17 of The Dungeons of Doom. On T:16753 you reached level 18 of The Dungeons of Doom. On T:17145 you reached level 19 of The Dungeons of Doom. On T:17395 you reached level 20 of The Dungeons of Doom. On T:17942 you reached level 21 of The Dungeons of Doom. On T:18225 you killed Medusa on level 21 of The Dungeons of Doom. On T:18387 you reached level 22 of The Dungeons of Doom. On T:19169 you reached level 23 of The Dungeons of Doom. On T:19493 you reached level 24 of The Dungeons of Doom. On T:20486 you reached The Castle. On T:20730 you advanced to experience level 13. On T:21192 you wished for "uncursed magic marker". On T:21213 you wished for "blessed Amulet of Life Saving". On T:21218 you wished for "blessed +3 gauntlets of dexterity". On T:21247 you wished for "uncursed magic marker". On T:21435 you reached The Valley of the Dead. On T:23859 you advanced to experience level 14. On T:24468 you embarked upon an epic quest. On T:24492 you reached level 2 of The Quest. On T:24700 you reached level 3 of The Quest. On T:25557 you reached level 4 of The Quest. On T:25643 you reached level 5 of The Quest. On T:25857 you reached level 6 of The Quest. On T:26390 you killed Master of Thieves on level 1 of The Quest. On T:27646 you were named as the Envoy of Balance! On T:28361 you reached level 2 of Gehennom. On T:28923 you wished for "uncursed magic marker". On T:29059 you reached level 3 of Gehennom. On T:29239 you reached level 4 of Gehennom. On T:29579 you reached level 5 of Gehennom. On T:30143 you reached level 6 of Gehennom. On T:30350 you reached level 8 of Gehennom. On T:31205 you reached level 7 of Gehennom. On T:31309 you killed Juiblex on level 7 of Gehennom. On T:32378 you reached level 9 of Gehennom. On T:32984 you reached level 10 of Gehennom. On T:33533 you wished for "uncursed magic marker". On T:33699 you reached level 11 of Gehennom. On T:33917 you reached level 12 of Gehennom. On T:34374 you reached level 13 of Gehennom. On T:34964 you killed Orcus on level 13 of Gehennom. On T:35149 you reached level 14 of Gehennom. On T:35965 you advanced to experience level 15. On T:36693 you wished for "blessed fixed +3 helm of brilliance". On T:36993 you reached level 15 of Gehennom. On T:37422 you reached level 16 of Gehennom. On T:37521 you reached level 17 of Gehennom. On T:37814 you reached level 18 of Gehennom. On T:38244 you reached level 19 of Gehennom. On T:38820 you reached level 20 of Gehennom. On T:39383 you reached level 21 of Gehennom. On T:39548 you reached level 22 of Gehennom. On T:40111 you reached level 3 of Vlad's Tower. On T:40248 you reached level 2 of Vlad's Tower. On T:40524 you reached level 1 of Vlad's Tower. On T:40562 you killed Vlad the Impaler on level 1 of Vlad's Tower. On T:40686 you wished for "uncursed magic marker". On T:42127 you killed Wizard of Yendor on level 14 of Gehennom. On T:42368 you performed the invocation. On T:42370 you reached level 23 of Gehennom. On T:42840 you killed high priestess of Moloch on level 23 of Gehennom. On T:42845 you gained the Amulet of Yendor! On T:43022 you lost the Amulet of Yendor. On T:43025 you killed Wizard of Yendor on level 17 of Gehennom. On T:43027 you gained the Amulet of Yendor! On T:44209 you lost the Amulet of Yendor. On T:44209 you gained the Amulet of Yendor! On T:44237 you reached the Plane of Earth. On T:44237 you killed Wizard of Yendor on the Plane of Earth. On T:44255 you reached the Plane of Air. On T:44300 you reached the Plane of Fire. On T:44367 you reached the Plane of Water. On T:44410 you reached the Astral Plane. On T:44431 you killed Death on the Astral Plane. On T:44484 you killed Famine on the Astral Plane. On T:44507 you were saved from death by your amulet of life saving! On T:44512 you killed Famine on the Astral Plane. On T:44563 you lost the Amulet of Yendor. On T:44563 you offered the Amulet of Yendor to The Lady and ascended to the status of Demigod! Score breakdown: Gold: 3266 (11953 points) Experience: 15 levels (20844 points) Exploration: 48 levels (100.00%) (30000 points) Discoveries: 169 items ( 56.71%) (22592 points) Valuables value: 77850 (16638 points) Artifact value: 11000 (13747 points) Variety of kills: 274 monsters ( 71.92%) (25440 points) Turncount: 44563 turns (-4586 points) Survival: ascended (score multiplied by 200%) Total score: 273256 Latest messages: The Angel of The Lady casts a spell at you! You are hit by a shower of missiles! The missiles bounce off! You hit the Angel of The Lady! The guardian naga bites! (2x) The high priest intones: "Pilgrim, you enter a sacred place!" Pick an object. Human tourist called Dreiblum on an aligned altar. There is an altar to The Lady (neutral) here. You offer the Amulet of Yendor to The Lady... An invisible choir sings, and you are bathed in radiance... The voice of The Lady thunders: "Congratulations, mortal!" "In return for thy service, I grant thee the gift of Immortality!" You ascend to the status of Demigod... Final status: Aloha Dreiblum the Demigod, ascended... You went to your reward with 273256 points, Vorpal Blade (worth 4000 zorkmids) Magicbane (worth 3500 zorkmids) The Platinum Yendorian Express Card (worth 7000 zorkmids) 7 opals (worth 5600 zorkmids), 7 chrysoberyl stones (worth 4900 zorkmids), 7 jasper stones (worth 3500 zorkmids), 6 amethyst stones (worth 3600 zorkmids), 5 aquamarine stones (worth 7500 zorkmids), 5 fluorite stones (worth 2000 zorkmids), 4 rubies (worth 14000 zorkmids), 4 obsidian stones (worth 800 zorkmids), 3 sapphires (worth 9000 zorkmids), 3 emeralds (worth 7500 zorkmids), 3 garnet stones (worth 2100 zorkmids), 3 agate stones (worth 600 zorkmids), 2 jacinth stones (worth 6500 zorkmids), 1 diamond (worth 4000 zorkmids), 1 black opal (worth 2500 zorkmids), 1 citrine stone (worth 1500 zorkmids), 1 jade stone (worth 300 zorkmids), 4 amulets of ESP (worth 600 zorkmids), 2 amulets of life saving (worth 300 zorkmids), 2 amulets versus poison (worth 300 zorkmids), 2 amulets of reflection (worth 300 zorkmids), 2 amulets of magical breathing (worth 300 zorkmids), 1 amulet of change (worth 150 zorkmids), and 3811 pieces of gold, after 44563 moves. You were level 15 with a maximum of 162 hit points when you ascended.